 Dungeon Crawl Stone Soup version 0.29.1-1-gd02db69 (webtiles) character file.

Game seed: 11354135494624095829

8 Kel the Trooper (level 2, -2/19 HPs)
             Began as a Gargoyle Berserker on Nov 24, 2022.
             Was a Follower of Trog.
             Slain by a goblin
             ... wielding a +0 spear
              (5 damage)
             ... on level 1 of the Dungeon.
             The game lasted 00:00:32 (185 turns).

Kel the Trooper (Gargoyle Berserker)                 Turns: 185, Time: 00:00:32

Health: -2/19      AC:  4    Str: 20    XL:     2   Next: 8%
Magic:  2/2        EV: 11    Int:  7    God:    Trog [*.....]
Gold:   24         SH:  0    Dex:  9    Spells: 1/1 levels left

rFire   . . .      SeeInvis .   a - +0 hand axe
rCold   . . .      Faith    .   (no shield)
rNeg    + . .      Spirit   .   b - +0 animal skin
rPois   ∞          Reflect  .   (no helmet)
rElec   +          Harm     .   (no cloak)
rCorr   .          Rampage  .   (no gloves)
Will    .....                   (no boots)
Stlth   +.........              (no amulet)
HPRegen 0.06/turn               (no ring)
MPRegen 0.08/turn               (no ring)

@: no status effects
A: sickness immunity, AC +2, negative energy resistance 1, electricity
resistance, torment resistance 1, petrification resistance
a: Renounce Religion, Berserk


You were on level 1 of the Dungeon.
You worshipped Trog.
Trog was aware of your devotion.
You visited 1 branch of the dungeon, and saw 1 of its levels.

You collected 24 gold pieces.

Inventory:

Hand Weapons
 a - a +0 hand axe (weapon)
Armour
 b - a +0 animal skin (worn)
Scrolls
 c - a scroll of identify {unknown}
Potions
 d - a potion of brilliance {unknown}
 e - a potion of haste {unknown}


   Skills:
 - Level 3.2 Fighting
 + Level 3.2 Axes
 - Level 2.1 Armour
 - Level 1.5 Dodging


You had one spell level left.
You didn't know any spells.
Your spell library was empty.

Dungeon Overview and Level Annotations

Branches:
Dungeon (1/15)

Altars:


Innate Abilities, Weirdness & Mutations

You are immune to sickness and miasma.
Your stone body is resilient. (AC +2)
You are immune to poison.
You resist negative energy. (rN+)
You are resistant to electric shocks. (rElec)
You are resistant to unholy torment.
You are immune to petrification.


Message History

You hit the quokka.
The quokka is severely wounded.
The quokka bites you but does no damage.
The goblin barely misses you. The quokka barely misses you.
You miss the quokka.
The quokka is severely wounded.
The goblin hits you from afar with a +0 spear.
The quokka barely misses you. The goblin misses you.
You closely miss the quokka.
The quokka is severely wounded.
The quokka bites you.
A quokka comes into view.
The goblin closely misses you. The quokka closely misses you.
You barely miss the quokka.
The quokka is severely wounded.
The goblin closely misses you. The quokka closely misses you.
You closely miss the quokka.
The quokka is severely wounded.
The quokka bites you.
* * * LOW HITPOINT WARNING * * *
The goblin closely misses you.
You closely miss the quokka.
The quokka is severely wounded.
The quokka closely misses you. The goblin completely misses you.
The quokka closely misses you.
You barely miss the quokka.
The quokka is heavily wounded.
The goblin hits you from afar with a +0 spear.
* * * LOW HITPOINT WARNING * * *
The quokka closely misses you.
You hit the quokka.
You kill the quokka!
Trog accepts your kill.
You closely miss the quokka. The goblin barely misses you.
The quokka bites you but does no damage.
The goblin misses you.
The quokka bites you but does no damage.
The quokka bites you but does no damage.
The goblin hits you with a +0 spear.
You die...

... .....#.##.......
.....######.##.#.####
......)........#.#
.....##.#†######..
#...##.#.# #.#
#....#..)## . .#
##.......##..
.##?..)g.......
......r@...##...
...........# ..
~~⌠⌠~⌠~⌠...# .
~.P....⌠.#.#
P.####.P...# .$
#.⌠.### #$~.# ..~..
~~⌠..


You could see a quokka and a goblin.

Vanquished Creatures
  2 ball pythons (D:1)
  3 goblins (D:1)
  A quokka (D:1)
  A rat (D:1)
7 creatures vanquished.

Vanquished Creatures (others)
  A fungus (D:1)
  A plant (D:1)
2 creatures vanquished.

Grand Total: 9 creatures vanquished

Notes
Turn   | Place    | Note
-------+----------+-------------------------------------------
     0 | D:1      | Kel the Gargoyle Berserker began the quest for the Orb.
     0 | D:1      | Reached XP level 1. HP: 14/14 MP: 1/1
   168 | D:1      | Reached XP level 2. HP: 17/19 MP: 2/2
   185 | D:1      | Slain by a goblin

Illustrated notes

Levels and vault maps discovered:
D:1:      ebering_trefoil_3fold, layout_basic,
          shapermc_ecumenical_altar_acropolis

Skill      XL: |  1 |
---------------+----+-----
Axes           | 3 |  3.2
Fighting       | |  3.2
Armour         | |  2.1
Dodging        | |  1.5

Action                   || total
-------------------------++-------
Melee: Hand axe          ||    24
Armor: Animal skin       ||    10
Dodge: Dodged            ||    23
